 Dungeon Crawl Stone Soup version 0.31-a0-988-g08d55dae12 (webtiles) character file.

Game seed: 777175013955293230

76 CrazyBamboolord the Trooper (level 4, -2/49 HPs)
             Began as an Ogre Fighter on Nov 5, 2023.
             Slain by an iguana (9 damage)
             ... on level 4 of the Dungeon.
             The game lasted 00:00:58 (984 turns).

CrazyBamboolord the Trooper (Ogre Fighter)           Turns: 984, Time: 00:00:59

Health: -2/49      AC:  3    Str: 22    XL:     4   Next: 32%
Magic:  4/4        EV:  9    Int:  9    God:
Gold:   45         SH:  7    Dex:  8    Spells: 3/3 levels left

rFire   . . .        a - +0 war axe
rCold   . . .        c - +0 kite shield
rNeg    . . .        b - +0 robe
rPois   .            (helmet restricted)
rElec   .            (no cloak)
rCorr   .            (gloves unavailable)
SInv    .            (boots unavailable)
Will    .....        (no amulet)
Stlth   +            (no ring)
HPRegen 0.28/turn    (no ring)
MPRegen 0.09/turn

%: no passive effects
@: no status effects
A: large, unfitting armour, tough skin 1
a: no special abilities


You were on level 4 of the Dungeon.
You visited 1 branch of the dungeon, and saw 3 of its levels.

You collected 45 gold pieces.

Inventory:

Hand Weapons
 a - a +0 war axe (weapon)
Armour
 b - a +0 robe (worn)
 c - a +0 kite shield (worn)
Scrolls
 e - a scroll of immolation {unknown}
 f - 3 scrolls of identify {unknown}
 g - a scroll of fog {unknown}
 h - 5 scrolls of teleportation {unknown}
Potions
 d - a potion of might


   Skills:
 * Level 4.9 Fighting
 * Level 2.8 Axes
 * Level 3.3 Dodging
 + Level 3.3 Shields


You had 3 spell levels left.
You didn't know any spells.
Your spell library was empty.

Dungeon Overview and Level Annotations

Branches:
Dungeon (2/15)

Altars:


Innate Abilities, Weirdness & Mutations

You are too large for most types of armour.
You have tough skin. (AC +1)


Message History

The howler monkey hits you but does no damage.
You block the howler monkey's attack.
You slash the howler monkey!
You kill the howler monkey!
You have reached level 4!
You start resting.
An iguana comes into view.
The iguana hisses angrily.
You see here a howler monkey corpse.
The iguana bites you.
You barely miss the iguana.
The iguana bites you but does no damage.
You hit the iguana but do no damage. The iguana closely misses you.
The iguana bites you!
You hit the iguana.
The iguana is moderately wounded.
The iguana bites you!
* * * LOW HITPOINT WARNING * * *
You barely miss the iguana.
The iguana is moderately wounded.
The iguana bites you.
* * * LOW HITPOINT WARNING * * *
You block the iguana's attack.
You barely miss the iguana.
The iguana is moderately wounded.
You block the iguana's attack.
You closely miss the iguana.
The iguana is moderately wounded.
You block the iguana's attack.
The iguana bites you but does no damage.
Unknown command.
You hit the iguana.
The iguana is severely wounded.
You block the iguana's attack.
You barely miss the iguana.
The iguana is severely wounded.
The iguana bites you.
* * * LOW HITPOINT WARNING * * *
The iguana bites you!
You die...

##.##
##.#.##..##(#.......#
#.##
##..##.........###.#
##.## ##..........#.###
#
##.###.#####...#.#.####
.# ###.#.##
##.##......##.#####
#....##
#.####.##........#
#.#### #.# #.......###.
#. ##l## ####..### #
##.@.## #..# ##.....##
#... ##.>.....## ##...
#..†......# #...
....'.........+ ...(.
.####.........# #...#
##.......## ##...(.##
##...##


You could see an iguana.

Vanquished Creatures
  A howler monkey (D:4)
  An adder (D:4)
  2 dart slugs
  4 endoplasms
  5 goblins (D:1)
  2 hobgoblins (D:1)
  4 kobolds
  2 ball pythons (D:1)
  2 bats (D:1)
  A frilled lizard (D:1)
  A rat (D:2)
25 creatures vanquished.

Notes
Turn   | Place    | Note
-------+----------+-------------------------------------------
     0 | D:1      | CrazyBamboolord the Ogre Fighter began the quest for the
                  | Orb.
     0 | D:1      | Reached XP level 1. HP: 24/24 MP: 1/1
    61 | D:1      | Reached XP level 2. HP: 25/32 MP: 2/2
   640 | D:1      | Found a faded altar of an unknown god.
   821 | D:2      | Reached XP level 3. HP: 39/40 MP: 3/3
   863 | D:2      | You fall into a shaft and drop 2 floors!
   966 | D:4      | Reached XP level 4. HP: 37/49 MP: 4/4
   984 | D:4      | Slain by an iguana

Illustrated notes

Levels and vault maps discovered:
D:1:      eino_arrival_water_star, layout_loops_ring, basic_ecumenical_altar
D:2:      layout_basic
D:4:      minmay_angry_zag, layout_loops_corners, kiku_gazebo_pond_becter,
          uniq_pikel, uniq_sigmund

Skill      XL: |  1  2 |
---------------+-------+-----
Dodging        | 3 |  3.3
Fighting       | |  4.9
Axes           | |  2.8
Shields        | |  3.3

Action                     |  1- 3 |  4- 6 || total
---------------------------+-------+-------++-------
  Melee: War axe           |    61 |     8 ||    69
 Armour: Robe              |    33 |     8 ||    41
  Dodge: Dodged            |    18 |     1 ||    19
  Block: Kite shield       |    26 |     4 ||    30

Table legend: (Time is in decaauts)
 A = Elapsed time spent in this place.
 B = Non-inter-level travel time spent in this place.
 C = Inter-level travel time spent in this place.
 D = Time resting spent in this place.
 E = Time spent auto-exploring this place.
 F = Levels seen in this place.
 G = Mean time per level.
                   A        B        C        D        E       F      G
               +--------+--------+--------+--------+--------+-----+--------+
         Total |   1019 |    995 |     24 |      7 |    787 |   3 |  339.7 |
       Dungeon |   1019 |    995 |     24 |      7 |    787 |   3 |  339.7 |
               +--------+--------+--------+--------+--------+-----+--------+

Top non-repeatable levels by time:
     D:1: 829 daAuts
     D:4: 133 daAuts
     D:2: 55 daAuts
